AoeStats
← gob b

QS Arena

503288402Analyzed
4v4 RM · 1mo ago on Aug 31, 2026· 13m 25s· 8 players
Game mode
Random Map
Map size
Large (8 player)
Population
200
Speed
Normal
Resources
Standard
Victory
Conquest
Starting age
Dark Age
Ending age
Imperial Age
RankedLock teamsTeams togetherTeam positionsShared explorationLock speedFull tech treeHidden civsTurbo modeCheats
Victory
Defeat
🇦🇷 Armenians · Argentina
1305
+13
🇦🇷 Persians · Argentina
1291
+14
🇦🇷 Cumans · Argentina
1289
+14
🇦🇷 Portuguese · Argentina
1156
+20
🇩🇪 Chinese · Germany
1274
-17
🇮🇳 Burgundians · India
1231
-15
🇲🇽 Japanese · Mexico
1226
-14
🇸🇰 Saracens · Slovakia
1222
-14
cachetada-de-travesti
6:29 Feudal Age
5:32 Loom
7:26 Double-Bit Axe
MrCochinote
8:24 Feudal Age
8:50 Man-at-Arms
13:05 Forging
12:57 Scale Mail Armor
The Wax
4:04 Loom
7:33 Feudal Age
8:56 Man-at-Arms
9:31 Long Swordsman
ERUCTO DE SALAME
7:41 Feudal Age
8:40 Horse Collar
9:42 Loom
10:46 Town Watch
11:33 Forging
rayquaza
gob b
9:24 Feudal Age
10:43 Loom
13:13 Castle Age
[ Wildpigs ] Carlofos
lumpensammler666
Connection lost

Rejoining the realm…

Still unreachable

The connection could not be restored.

Session expired

The server has moved on; the page needs a fresh start.